 Dungeon Crawl Stone Soup version 0.29.1-15-g9cfb28693d (webtiles) character file.

Game seed: 3125989528239152783

18 BuddhaDhamma the Chopper (level 2, -3/26 HPs)
             Began as a Minotaur Berserker on Feb 28, 2023.
             Was a Follower of Trog.
             Succumbed to a kobold's poison
             ... on level 1 of the Dungeon.
             The game lasted 00:00:59 (592 turns).

BuddhaDhamma the Chopper (Minotaur Berserker)        Turns: 592, Time: 00:01:00

Health: -3/26      AC:  5    Str: 21    XL:     2   Next: 48%
Magic:  1/1        EV: 11    Int:  4    God:    Trog [*.....]
Gold:   99         SH:  0    Dex:  9    Spells: 1/1 levels left

rFire   . . .      SeeInvis .   a - +0 hand axe
rCold   . . .      Faith    .   (no shield)
rNeg    . . .      Spirit   .   c - +0 ring mail
rPois   .          Reflect  .   (helmet restricted)
rElec   .          Harm     .   (no cloak)
rCorr   .          Rampage  .   (no gloves)
Will    .....                   (no boots)
Stlth   ..........              (no amulet)
HPRegen 0.08/turn               (no ring)
MPRegen 0.07/turn               (no ring)

@: lethally poisoned (-3 -> -20)
A: horns 2, retaliatory headbutt
a: Renounce Religion, Berserk


You were on level 1 of the Dungeon.
You worshipped Trog.
Trog was aware of your devotion.
You visited 1 branch of the dungeon, and saw 1 of its levels.

You collected 99 gold pieces.

Inventory:

Hand Weapons
 a - a +0 hand axe (weapon)
Missiles
 d - a throwing net (quivered)
Armour
 c - a +0 ring mail (worn)
Scrolls
 b - a scroll of noise {unknown}


   Skills:
 - Level 3.6 Fighting
 + Level 4.7 Axes
 - Level 2.4 Armour
 - Level 2.1 Dodging


You had one spell level left.
You didn't know any spells.
Your spell library was empty.

Dungeon Overview and Level Annotations

Branches:
Dungeon (1/15)

Altars:


Innate Abilities, Weirdness & Mutations

You have a pair of horns on your head.
You reflexively headbutt those who attack you in melee.


Message History

The endoplasm misses you.
You hit the endoplasm but do no damage. You headbutt the endoplasm.
You kill the endoplasm!
Trog accepts your kill.
No target in view!
No target in view!
Found a stone staircase leading down.
There is a stone staircase leading down here.
You see here a staff of air.
b - a scroll labelled NOZOEN GAGUGU
d - a throwing net A kobold comes into view.
It is wielding a +2 short sword of venom.
The kobold shouts!
You hit the kobold but do no damage. Your headbutt misses the kobold.
The kobold hits you but does no damage.
You are poisoned.
You miss the kobold.
You feel very sick. The kobold hits you but does no damage.
You are more poisoned.
You hit the kobold. Your headbutt misses the kobold.
The kobold is severely wounded.
You feel very sick.
The kobold hits you with a +2 short sword of venom.
You are more poisoned.
You are too injured to fight recklessly!
You are too injured to fight recklessly!
You are too injured to fight recklessly!
You feel very sick. The kobold completely misses you.
You hit the kobold but do no damage.
The kobold is severely wounded.
* * * LOW HITPOINT WARNING * * *
You feel very sick.
The kobold hits you with a +2 short sword of venom.
* * * LOW HITPOINT WARNING * * *
The kobold barely misses you.
You closely miss the kobold.
The kobold is severely wounded.
You die...

######### #....>..#
#.#####.# #.# #.# #.#
#.# #.####### #.# #.####
......K@# #.# #.....
#.#####.#####.# #######
#.#####.......####...##
#.#...............###.##
####....##.####..##.##
##.#
..........#.###..#.##
##. ###.....###.##..#.#
#. #.#..## ##......##
##. #.#.#.###.##..##.##
##.#


You could see a kobold.

Vanquished Creatures
  A ball python (D:1)
  2 bats (D:1)
  2 endoplasms (D:1)
  A giant cockroach (D:1)
  2 goblins (D:1)
  2 hobgoblins (D:1)
  A frilled lizard (D:1)
  4 kobolds (D:1)
  2 rats (D:1)
17 creatures vanquished.

Vanquished Creatures (others)
  6 fungi (D:1)
  2 toadstools (D:1)
8 creatures vanquished.

Grand Total: 25 creatures vanquished

Notes
Turn   | Place    | Note
-------+----------+-------------------------------------------
     0 | D:1      | BuddhaDhamma the Minotaur Berserker began the quest for the
                  | Orb.
     0 | D:1      | Reached XP level 1. HP: 19/19 MP: 0/0
    44 | D:1      | Reached skill level 4 in Axes
   262 | D:1      | Reached XP level 2. HP: 26/26 MP: 1/1
   591 | D:1      | HP: 1/26 [kobold/+2 short sword of venom (2)]
   592 | D:1      | Succumbed to a kobold's poison

Illustrated notes

Levels and vault maps discovered:
D:1:      lemuel_arrival_lava_pool, layout_loops_ring, serial_shops,
          nicolae_shop_trees, minmay_gold_behind_fungi

Skill      XL: |  1 |
---------------+----+-----
Axes           | 4 |  4.7
Fighting       | |  3.6
Armour         | |  2.4
Dodging        | |  2.1

Action                   || total
-------------------------++-------
Melee: Hand axe          ||    34
       Headbutt          ||     5
Armor: Ring mail         ||    10
       Animal skin       ||     1
Dodge: Dodged            ||    15
